 Dungeon Crawl Stone Soup version 0.28.0-1-gb440e238dd (webtiles) character file.

Game seed: 665282214867824687

2437 boopmooplesden the Carver (level 9, -2/78 HPs)
             Began as a Minotaur Fighter on Feb 22, 2022.
             Was a Follower of Okawaru.
             Slain by a yak (9 damage)
             ... on level 4 of the Dungeon.
             The game lasted 00:08:07 (5763 turns).

boopmooplesden the Carver (Minotaur Fighter)        Turns: 5763, Time: 00:08:07

Health: -2/78      AC: 13    Str: 23    XL:     9   Next: 25%
Magic:  8/8        EV:  7    Int:  5    God:    Okawaru [*.....]
Gold:   339        SH:  0    Dex: 12    Spells: 8/8 levels left

rFire   . . .      SeeInvis .   a - +1 long sword (flame)
rCold   . . .      Faith    .   c - +0 buckler
rNeg    . . .      Spirit   .   f - +0 plate armour
rPois   .          Reflect  .   (helmet restricted)
rElec   .          Harm     .   (no cloak)
rCorr   .          Rampage  .   (no gloves)
Will    .....                   (no boots)
Stlth   ..........              (no amulet)
HPRegen 0.23/turn               (no ring)
MPRegen 0.11/turn               (no ring)

@: confused, ambrosia-drunk
A: horns 2, retaliatory headbutt
a: Renounce Religion, Heroism


You were on level 4 of the Dungeon.
You worshipped Okawaru.
Okawaru was aware of your devotion.
You visited 2 branches of the dungeon, and saw 7 of its levels.

You collected 339 gold pieces.

Inventory:

Hand Weapons
 a - a +1 long sword of flaming (weapon)
 i - a +0 hand crossbow
Missiles
 k - 5 silver boomerangs (quivered)
 o - 5 boomerangs
Armour
 b - a +0 scale mail
 c - a +0 buckler (worn)
 f - a +0 plate armour (worn)
Jewellery
 e - a ring of resist corrosion
 y - a +6 ring of dexterity
 A - an amulet of the acrobat
 C - a +6 ring of dexterity
Wands
 v - a wand of flame (25)
 w - a wand of acid (7)
 z - a wand of paralysis (9)
 B - a wand of iceblast (6)
Scrolls
 d - a scroll of vulnerability
 l - 2 scrolls of noise
 m - a scroll of enchant weapon
 q - a scroll of silence
 u - 2 scrolls of identify
 x - 3 scrolls of teleportation
Potions
 g - a potion of haste
 h - 3 potions of magic {unknown}
 j - a potion of cancellation
 n - a potion of mutation
 p - 2 potions of curing
 r - a potion of heal wounds {unknown}


   Skills:
 + Level 6.7 Fighting
 + Level 10.3 Long Blades
 + Level 1.3 Throwing
 + Level 8.2 Armour
 + Level 0.7 Dodging
 + Level 0.3 Stealth
 + Level 6.5 Shields


You had 8 spell levels left.
You didn't know any spells.
Your spell library contained the following spells:

 Spells                   Type           Power      Damage    Failure   Level
 Apportation              Tloc           0%         N/A       100%        1
 Sandblast                Erth           0%         2d4       100%        1
 Corpse Rot               Necr/Air       0%         N/A       100%        2
 Passwall                 Tmut/Erth      0%         N/A       100%        2
 Poisonous Vapours        Pois/Air       0%         N/A       100%        2
 Frozen Ramparts          Ice            0%         1d2       100%        3
 Stone Arrow              Conj/Erth      0%         3d7       100%        3
 Airstrike                Air            0%         N/A       100%        4
 Ice Form                 Ice/Tmut       0%         N/A       100%        4
 Alistair's Intoxication  Tmut/Pois      0%         N/A       100%        5
 Lightning Bolt           Conj/Air       0%         1d11      100%        5
 Summon Ice Beast         Ice/Summ       Unusable   N/A       N/A         4
 Summon Lightning Spire   Summ/Air       Unusable   N/A       N/A         4

Dungeon Overview and Level Annotations

Branches:
Dungeon (6/15)             Temple (1/1) D:6

Altars:
Hepliaklqana
Kikubaaqudgha
Okawaru
Wu Jian
Xom
Zin
The Shining One


Innate Abilities, Weirdness & Mutations

You have a pair of horns on your head.
You reflexively headbutt those who attack you in melee.


Message History

You slash the yak! You burn the yak.
The yak is heavily wounded.
The yak gores you but does no damage. x2
You hit the yak. You burn the yak.
The yak is almost dead.
The yak closely misses you. The yak gores you.
You slash the yak! You burn the yak.
You kill the yak!
Okawaru accepts your kill. The yak gores you but does no damage.
The yak gores you but does no damage. The yak gores you!
You see here a +0 hunting sling.
The yak gores you.
You slash the yak! You burn the yak. You headbutt the yak.
The yak is moderately wounded.
The yak gores you! The yak barely misses you.
You slash the yak! You burn the yak.
The yak is severely wounded.
You block the yak's attack. The yak closely misses you.
You barely miss the yak. You headbutt the yak.
The yak is severely wounded.
The yak barely misses you. You furiously retaliate!
You headbutt the yak! The yak gores you but does no damage.
You barely miss the yak. You headbutt the yak.
The yak is severely wounded.
The yak gores you! The yak gores you.
You closely miss the yak. Your headbutt misses the yak.
The yak is severely wounded.
The yak gores you!
* * * LOW HITPOINT WARNING * * *
The yak gores you!
* * * LOW HITPOINT WARNING * * *
You hit the yak but do no damage.
The yak is severely wounded.
The yak gores you!
* * * LOW HITPOINT WARNING * * *
The yak gores you but does no damage.
You are confused.
You feel invigorated. The yak gores you!
You die...

######.......##.............###..
#..#..........#.......[>..#......
.......##....##........##.##.....
.###....##.............######...#
###......YY#.........#.# ##....
#.#....#.###...).....#.## #.....
#...##.###...........#..## ##...#
...###...##....Y.....##..###....#
#...#.........)Y@.....#.##.#....)
#...#.#.....##........#..........
###................#..###........
##......(........###...##........
##....#..........####.<.#.###....
###.#.....................###....
# ###.....................##...#.
##........###........####..#.
#.........##....#......#..##


You could see 2 yaks.

Vanquished Creatures
  Grinder (D:6)
  Sigmund (D:3)
  2 yaks
  A steam dragon (D:6)
  3 water moccasins
  Duvessa (D:6)
  A black bear (D:5)
  2 sky beasts (D:6)
  An ogre (D:5)
  A centaur (D:6)
  A phantom (D:6)
  A kobold brigand (D:5)
  Dowan (D:6)
  A howler monkey (D:4)
  2 bullfrog skeletons (D:6)
  A centaur zombie (D:5)
  3 hounds
  4 jellies
  An iguana (D:4)
  Natasha (thrice) (D:3)
  9 adders
  A shadow imp (D:5)
  A white imp (D:6)
  An ufetubus (D:5)
  An adder skeleton (D:4)
  2 worms
  A dart slug (D:1)
  12 orcs
  10 bats
  5 endoplasms
  2 giant cockroaches (D:1)
  4 goblins
  6 hobgoblins
  6 jackals
  14 kobolds
  A quokka (D:4)
  6 ball pythons
  2 frilled lizards
  7 rats
123 creatures vanquished.

Notes
Turn   | Place    | Note
-------+----------+-------------------------------------------
     0 | D:1      | boopmooplesden the Minotaur Fighter began the quest for the
                  | Orb.
     0 | D:1      | Reached XP level 1. HP: 19/19 MP: 0/0
   139 | D:1      | Reached XP level 2. HP: 27/27 MP: 1/1
   287 | D:1      | You fall into a shaft and drop 1 floor!
   479 | D:2      | Reached XP level 3. HP: 33/33 MP: 2/2
   715 | D:2      | Reached skill level 3 in Long Blades
  1345 | D:1      | Found a faded altar of an unknown god.
  1606 | D:3      | Noticed Sigmund
  1677 | D:3      | Noticed a water moccasin
  1687 | D:3      | Killed a water moccasin
  1688 | D:3      | Reached skill level 4 in Long Blades
  1688 | D:3      | Reached XP level 4. HP: 11/41 MP: 3/3
  1688 | D:3      | Reached XP level 5. HP: 12/47 MP: 4/4
  2142 | D:3      | Killed Sigmund
  2143 | D:3      | Reached skill level 5 in Long Blades
  2143 | D:3      | Reached skill level 5 in Armour
  2143 | D:3      | Reached XP level 6. HP: 37/53 MP: 5/5
  2344 | D:3      | Noticed Natasha
  2349 | D:3      | Killed Natasha
  2623 | D:3      | Noticed Natasha
  2628 | D:3      | Killed Natasha
  2722 | D:3      | Noticed Natasha
  2733 | D:3      | Killed Natasha
  2914 | D:4      | Reached skill level 5 in Shields
  2971 | D:4      | Reached skill level 6 in Long Blades
  2971 | D:4      | Reached XP level 7. HP: 60/60 MP: 6/6
  2985 | D:4      | Noticed a yak
  2985 | D:4      | Noticed a yak
  2985 | D:4      | Noticed a yak
  3185 | D:4      | Found a shimmering altar of Xom.
  3235 | D:5      | Entered Level 5 of the Dungeon
  3247 | D:5      | Reached skill level 5 in Fighting
  3266 | D:5      | Reached skill level 7 in Long Blades
  3736 | D:5      | Reached skill level 1 in Throwing
  3736 | D:5      | Reached XP level 8. HP: 57/70 MP: 7/7
  3957 | D:6      | Found a staircase to the Ecumenical Temple.
  4063 | D:6      | Reached skill level 8 in Long Blades
  4084 | Temple   | Entered the Ecumenical Temple
  4176 | Temple   | Became a worshipper of Warmaster Okawaru
  4312 | D:6      | Noticed Duvessa
  4312 | D:6      | Noticed Dowan
  4328 | D:6      | Killed Duvessa
  4331 | D:6      | Killed Dowan
  4667 | D:6      | Reached skill level 9 in Long Blades
  4795 | D:6      | Reached * piety under Okawaru
  4801 | D:6      | Reached XP level 9. HP: 42/78 MP: 8/8
  4970 | D:6      | Noticed Grinder
  4978 | D:6      | Killed Grinder
  4979 | D:6      | Reached skill level 10 in Long Blades
  5761 | D:4      | HP: 2/78 [yak (7)]
  5763 | D:4      | Slain by a yak

Illustrated notes

Levels and vault maps discovered:
D:1:      nzn_arrival_crosshair, layout_basic,
          shapermc_ecumenical_altar_hornbeckon
D:2:      layout_rooms, chequers_jeans, chequers_serial_rivers_small_3
D:3:      layout_loops_cross, minmay_quantized, uniq_sigmund, uniq_natasha
D:4:      layout_cave_pools, xom_teletrap_fun, uniq_crazy_yiuf_cottage
D:5:      layout_rooms, minmay_door_square
D:6:      layout_layer_cave, minmay_temple_entry_glass,
          minmay_fractal_squares_diagonal_5, uniq_grinder, uniq_duvessa
Temple:   mainiacjoe_temple_trianglar_array

Skill      XL: |  1  2  3  4  5  6  7  8  9 |
---------------+----------------------------+-----
Armour         | 4 5 6 7 8 |  8.2
Fighting       | 4 5 6 |  6.7
Shields        | 4 5 6 |  6.5
Long Blades    | 4 5 6 7 9 10 | 10.3
Throwing       | 1 |  1.3
Dodging        | |  0.7
Stealth        | |  0.3

Action                   |  1- 3 |  4- 6 |  7- 9 || total
-------------------------+-------+-------+-------++-------
Melee: Long sword        |   107 |    63 |   168 ||   338
       Headbutt          |    17 |     9 |    30 ||    56
Throw: Boomerang         |     7 |       |     3 ||    10
  Use: Scroll            |     3 |       |    13 ||    16
       Potion            |     1 |       |     5 ||     6
Armor: Scale mail        |     6 |       |       ||     6
       Plate armour      |    93 |    52 |   146 ||   291
Dodge: Dodged            |    32 |    19 |    65 ||   116
Block: Buckler           |    37 |     9 |    48 ||    94
